Map: Ever Dream LE

Players

Erik - Winner!

  • Race: Zerg Zerg
  • Spawn Location: 7:00

Darkness

  • Race: Protoss Protoss
  • League: Master
  • Spawn Location: 1:00

Event: DreamHack SC2 Masters 2020 Fall

VOD

Have the link to the VOD?

Description

Time

  • Played on: Aug. 26, 2020, 5:36 p.m.
  • Length: 12:40

All games in this series

Show
View Real Time Build Order
Export as new Build Order

Erik Zerg - Winner!

Build Orders: Pool First, Lurkers, Roach Hydra 

Get SALT Encoding   

  12  0:00  Drone  
  13  0:08  Drone  
  14  0:14  Drone, Extractor  
  15  0:22  Overlord  
  15  0:37  Spawning Pool  
  15  0:41  Drone  
  15  0:44  Drone  
  15  0:48  Drone  
  17  0:51  Extractor  
  16  1:06  Drone  
  17  1:17  Hatchery  
  16  1:24  Zergling x2  
  16  1:25  Zergling x2  
  18  1:29  Zergling x2  
  19  1:38  Zergling x2  
  20  1:52  Metabolic Boost  
  20  2:03  Hatchery  
  20  2:07  Drone  
  20  2:11  Drone  
  21  2:16  Overlord  
  21  2:37  Drone x2  
  21  2:38  Extractor  
  21  2:39  Queen  
  21  2:43  Drone  
  25  2:53  Drone  
  25  2:58  Hatchery  
  25  3:00  Extractor  
  25  3:06  Overlord  
  25  3:14  Drone, Queen  
  25  3:15  Drone  
  25  3:17  Queen  
  31  3:24  Drone  
  33  3:34  Drone  
  33  3:38  Drone x2  
  35  3:49  Drone x5  
  35  3:53  Queen  
  42  3:59  Overlord  
  42  4:01  Drone  
  43  4:12  Queen  
  43  4:15  Drone x3  
  48  4:19  Drone x3  
  48  4:22  Drone  
  48  4:23  Drone x2  
  54  4:30  Lair  
  54  4:35  Extractor  
  54  4:36  Extractor  
  52  4:40  Roach Warren  
  51  4:47  Drone  
  51  4:48  Drone  
  51  4:49  Overlord  
  51  4:50  Overlord x2  
  53  5:01  Drone x2  
  53  5:05  Drone  
  56  5:17  Spore Crawler  
  55  5:23  Roach  
  55  5:24  Roach x5  
  55  5:26  Drone x3  
  55  5:27  Drone  
  71  5:28  Glial Reconstitution  
  71  5:30  Extractor  
  69  5:36  Drone x7, Evolution Chamber  
  69  5:38  Drone  
  69  5:39  Drone  
  77  5:44  Drone  
  77  5:48  Zergling x8  
  80  5:51  Spore Crawler  
  80  5:54  Spore Crawler  
  78  5:57  Overlord  
  78  6:01  Overlord  
  78  6:10  Zerg Missile Weapons Level 1  
  78  6:12  Overlord  
  78  6:15  Ravager  
  78  6:16  Ravager x2  
  81  6:19  Overlord  
  81  6:21  Drone  
  81  6:22  Drone x6  
  87  6:31  Drone x5  
  87  6:32  Drone x2  
  93  6:36  Extractor x2  
  91  6:42  Drone x6  
  91  6:55  Overlord  
  91  7:02  Roach x6  
  103  7:09  Roach  
  103  7:10  Hatchery  
  103  7:12  Drone x2, Infestation Pit, Hydralisk Den  
  103  7:15  Overlord  
  104  7:26  Drone x2  
  104  7:28  Zergling x8, Hatchery  
  109  7:42  Zergling x20  
  119  7:45  Muscular Augments  
  119  7:51  Hive  
  119  7:53  Drone  
  119  7:54  Spine Crawler, Lurker Den  
  118  8:06  Unknown  
  117  8:13  Overlord  
  117  8:14  Overseer  
  117  8:15  Zerg Missile Weapons Level 2  
  117  8:20  Queen  
  117  8:21  Hydralisk  
  117  8:22  Hydralisk x3  
  117  8:25  Overlord  
  127  8:28  Overlord  
  126  8:35  Hydralisk  
  126  8:36  Hydralisk x3  
  134  8:49  Drone  
  134  8:50  Drone x6  
  135  8:55  Zergling x2  
  135  8:56  Zergling x26  
  135  8:57  Grooved Spines  
  135  8:58  Ravager x9  
  157  9:05  Seismic Spines  
  156  9:10  Zergling x2  
  156  9:12  Overlord x3  
  156  9:13  Overlord  
  156  9:15  Overseer  
  156  9:30  Overlord x2  
  155  9:32  Lurker x8  
  155  9:34  Hydralisk x4  
  171  9:46  Hydralisk  
  171  9:47  Hydralisk x5  
  171  9:52  Drone x2, Spine Crawler  
  185  9:59  Adrenal Glands  
  184  10:06  Hydralisk x4  
  189  10:15  Adaptive Talons  
  187  10:28  Viper  
  176  10:31  Zerg Melee Weapons Level 1, Hatchery  
  178  10:40  Zergling x2  
  178  10:41  Zergling x40  
  171  11:12  Lurker x10  
  175  11:21  Roach  
  175  11:22  Roach x12  
  174  11:28  Hydralisk x3  
  167  11:48  Hydralisk  
  167  11:49  Hydralisk x8  
  185  11:59  Drone x3  
  177  12:13  Hydralisk x10  
Show
View Real Time Build Order
Export as new Build Order

Darkness Protoss 

Build Orders: Phoenix Opening 

Get SALT Encoding   

  12  0:00  Probe  
  13  0:12  Probe  
  14  0:18  Pylon  
  14  0:24  Probe (Chrono Boost)  
  15  0:37  Probe (Chrono Boost)  
  15  0:39  Gateway  
  16  0:44  Probe (Chrono Boost)  
  16  0:49  Assimilator  
  17  0:51  Probe  
  18  1:03  Probe  
  19  1:15  Probe  
  20  1:26  Zealot (Chrono Boost), Cybernetics Core  
  20  1:27  Gateway  
  22  1:38  Probe, Pylon  
  23  1:56  Probe  
  26  2:06  Shield Battery  
  26  2:10  Adept (Chrono Boost)  
  26  2:11  Adept (Chrono Boost), Probe  
  29  2:18  Shield Battery  
  29  2:23  Probe  
  29  2:27  Warp Gate  
  30  2:40  Assimilator  
  30  2:50  Nexus  
  30  2:52  Probe  
  30  2:59  Pylon  
  30  3:05  Assimilator  
  30  3:08  Probe  
  31  3:16  Sentry (Chrono Boost)  
  33  3:25  Probe  
  34  3:35  Pylon  
  34  3:37  Probe  
  37  3:49  Phoenix, Probe  
  37  3:52  Stargate  
  36  4:01  Probe (Chrono Boost)  
  38  4:08  Probe (Chrono Boost)  
  38  4:12  Probe (Chrono Boost)  
  38  4:16  Probe x2 (Chrono Boost)  
  40  4:21  Sentry  
  40  4:22  Stalker  
  45  4:26  Probe  
  45  4:28  Probe  
  47  4:31  Assimilator  
  47  4:37  Oracle (Chrono Boost)  
  47  4:39  Probe  
  47  4:40  Probe  
  52  4:51  Probe  
  52  4:52  Probe  
  54  5:01  Void Ray  
  54  5:02  Gateway  
  54  5:03  Probe  
  54  5:04  Probe  
  56  5:11  Pylon  
  56  5:13  Assimilator  
  60  5:15  Probe  
  60  5:16  Probe  
  62  5:22  Pylon  
  62  5:24  Robotics Facility  
  62  5:29  Probe x2  
  62  5:30  Nexus  
  62  5:33  Pylon  
  64  5:41  Probe  
  64  5:42  Probe  
  66  5:52  Forge  
  66  5:53  Probe  
  66  5:54  Probe  
  66  5:56  Sentry x2  
  72  5:59  Shield Battery  
  72  6:03  Gateway  
  72  6:05  Probe  
  72  6:06  Sentry, Gateway  
  72  6:09  Immortal (Chrono Boost)  
  72  6:11  Probe  
  76  6:17  Probe  
  81  6:20  Protoss Ground Weapons Level 1 (Chrono Boost)  
  81  6:23  Probe  
  81  6:25  Stalker x2  
  86  6:35  Pylon x2  
  86  6:39  Twilight Council  
  86  6:42  Probe x2  
  86  6:44  Observer  
  89  6:55  Probe x2  
  89  7:01  Probe  
  92  7:04  Blink (Chrono Boost)  
  92  7:06  Observer, Gateway  
  92  7:07  Probe x2  
  92  7:08  Gateway, Photon Cannon  
  95  7:12  Sentry  
  97  7:20  Pylon  
  97  7:23  Probe x3  
  97  7:25  Stalker x4  
  108  7:35  Assimilator  
  108  7:37  Pylon x2  
  108  7:39  Immortal  
  112  7:44  Pylon  
  112  7:49  Pylon  
  112  7:58  Robotics Bay  
  112  7:59  Robotics Facility  
  112  8:01  Assimilator  
  112  8:17  Stalker x5  
  112  8:18  Stalker  
  124  8:31  Nexus  
  124  8:33  Pylon  
  124  8:43  Colossus (Chrono Boost)  
  130  8:49  Stalker  
  130  8:53  Extended Thermal Lance, Photon Cannon  
  132  8:58  Shield Battery  
  132  9:00  Colossus (Chrono Boost)  
  137  9:03  Zealot  
  137  9:05  Probe x3  
  137  9:06  Charge (Chrono Boost)  
  142  9:16  Protoss Ground Weapons Level 2  
  142  9:19  Zealot  
  142  9:20  Zealot x5  
  142  9:23  Warp Prism (Chrono Boost)  
  156  9:32  Pylon  
  156  9:34  Pylon  
  156  9:38  Colossus (Chrono Boost)  
  162  9:50  Immortal  
  166  10:02  Probe x3  
  167  10:18  Probe x2  
  167  10:19  Photon Cannon  
  169  10:21  Pylon  
  169  10:26  Immortal  
  169  10:28  Fleet Beacon  
  161  10:30  Observer  
  161  10:33  Zealot x2  
  166  10:41  Zealot x3  
  166  10:42  Zealot x2  
  174  10:50  Warp Prism  
  141  11:06  Immortal (Chrono Boost)  
  141  11:10  Zealot x7  
  114  11:31  Zealot  
  114  11:32  Zealot x6  
  130  11:43  Immortal (Chrono Boost)  
  114  11:54  Zealot x6  
  116  12:18  Zealot  
  116  12:19  Zealot x4  
  123  12:23  Probe (Chrono Boost)  
  121  12:32  Probe (Chrono Boost)  

Tags
 
Add a new tag
Caveats
  • Supply blocks, unpowered buildings, or Contaminate may cause inaccurate times.
  • Supply counts are checked every 10 seconds.